Cogmind - Beta 16 @@@ ROGUE MODE // 2026.02.08 @ 11:57:41 Player: ae Result: Destroyed by S-43 Plague with Heavy Machine Gun Performance ------------- Evolutions (7) 3500 Regions Visited (12) 2400 Robots Destroyed (170) 850 Value Destroyed (7109) 7109 Prototype IDs (10) 200 Alien Tech Used (3) 600 Bonus (6202) 6202 TOTAL SCORE: 20861 Bonus ------- High Alert Combat Kills 154 Follower Combat Kills 448 Entered DSFs 500 Registered with UFD 300 Met Optimus in HQ 500 Met Warlord at Base 500 MAIN.C Attacked Warlord 500 Warlord Defense Kills 300 Used Core Reset Matrix 3000 Cogmind --------- Core Integrity 0/1300 Matter 249/300 Energy 135/140 System Corruption 0% Temperature Cool (0) Movement Flying (39) Location -3/Quarantine Parts ------- > --- POWER (2) -------- Light Deuterium Engine > --- PROPULSION (6) --- Field Propulsion Array Impulse Thruster Array > --- UTILITY (8) ------ Power Amplifier Medium Storage Unit Advanced Sensor Array Advanced Signal Interpreter Advanced Terrain Scan Processor Advanced Terrain Scan Processor 0b10 Decoder Chip [Generic] Advanced Melee Analysis Suite > --- WEAPON (5) ------- Ionic Axe Ionic Axe Ionic Axe > --- INVENTORY (10) --- Light Antimatter Reactor Impulse Thruster Array Large Matter Pod (150) Long-range Tractor Beam Terrabomb Fusion Bomb Launcher Ionic Axe Peak State ------------ > --- POWER ------------ Light Deuterium Engine Light Antimatter Reactor > --- PROPULSION ------- Impulse Thruster Array Impulse Thruster Array Impulse Thruster Array > --- UTILITY ---------- Power Amplifier Medium Storage Unit Advanced Sensor Array Advanced Signal Interpreter Advanced Terrain Scan Processor Advanced Terrain Scan Processor 0b10 Decoder Chip [Generic] Core Analyzer > --- WEAPON ----------- Ionic Axe Ionic Axe Ionic Axe Sigix Broadsword > --- INVENTORY -------- Light Ion Engine Field Propulsion Array Impulse Thruster Array Large Matter Pod Long-range Tractor Beam Terrabomb Fusion Bomb Launcher Ionic Axe [Rating: 146] Favorites ----------- Power Angular Momentum Engine Engine Angular Momentum Engine Power Core Micro Fission Core Reactor Micro Antimatter Reactor Propulsion Heavy Treads Treads Heavy Treads Leg Biometal Leg Wheel Compact Wheel Hover Unit Antigrav System Flight Unit Impulse Thruster Array Utility Large Storage Unit Device Advanced Heat Sink Storage Large Storage Unit Processor Advanced Signal Interpreter Hackware Hacking Suite Protection Layered Heavy Armor Plating Weapon Proton Missile Launcher Energy Gun EM Pulse Gun Energy Cannon Advanced Plasma Cannon Ballistic Gun Hypervelocity Coil Gun Ballistic Cannon Magnetic Acceleration Cannon Launcher Proton Missile Launcher Special Weapon Advanced Remote Datajack Impact Weapon Heavy Mace Slashing Weapon Makeshift Sword Build | -11 -10 -10 -7 -5 -5 -5 -5 -4 -4 -4 -3 -3 ------- Run | Yrd Mat Sub Scr Fac Upp Upp War Pro Fac DSF Res Qua Slots Evolved 14 | . . . . 10 . . . . 2 . 2 . Power 1 | . . . . . . . . . . . 1 . Propulsion 4 | . . . . 4 . . . . . . . . Utility 6 | . . . . 4 . . . . 2 . . . Weapon 3 | . . . . 2 . . . . . . 1 . Parts Attached 143 | 9 6 . 2 39 4 . 3 2 2 3 62 11 Power 14 | 1 . . . 2 . . . . . . 8 3 Engine 6 | 1 . . . 2 . . . . . . 1 2 Core 2 | . . . . . . . . . . . 2 . Reactor 6 | . . . . . . . . . . . 5 1 Propulsion 30 | 2 . . . 5 1 . . 1 . . 19 2 Treads 7 | 2 . . . 3 1 . . 1 . . . . Leg 16 | . . . . 1 . . . . . . 15 . Wheel 1 | . . . . 1 . . . . . . . . Hover 1 | . . . . . . . . . . . 1 . Flight 5 | . . . . . . . . . . . 3 2 Utility 54 | 2 3 . . 16 2 . 2 . 2 1 21 5 Device 28 | 1 1 . . 9 2 . . . . . 13 2 Storage 5 | 1 2 . . . . . . . . . 2 . Processor 11 | . . . . 3 . . . . 1 . 5 2 Hackware 1 | . . . . . . . . . . . . 1 Protection 9 | . . . . 4 . . 2 . 1 1 1 . Artifact . | . . . . . . . . . . . . . Weapon 45 | 4 3 . 2 16 1 . 1 1 . 2 14 1 Energy Gun 7 | 2 . . . 2 . . . . . . 3 . Energy Cannon 2 | . . . . 1 . . . . . . 1 . Ballistic Gun 9 | 1 1 . . 3 . . . 1 . 2 1 . Ballistic Cannon 4 | . . . . 4 . . . . . . . . Launcher 7 | . 2 . . 1 1 . . . . . 3 . Special Weapon 6 | 1 . . 2 1 . . 1 . . . 1 . Impact Weapon 1 | . . . . 1 . . . . . . . . Slashing Weapon 9 | . . . . 3 . . . . . . 5 1 Piercing Weapon . | . . . . . . . . . . . . . Special Melee Weapon . | . . . . . . . . . . . . . Unidentified Prototypes 7 | . . . 1 1 . . 1 . . . 1 3 Parts Lost 66 | . 1 . . 2 2 . . . . 3 55 3 Power 9 | . . . . . . . . . . . 9 . Propulsion 19 | . . . . . 1 . . . . . 16 2 Utility 20 | . . . . 1 1 . . . . 3 15 . Weapon 18 | . 1 . . 1 . . . . . . 15 1 Highest Loss Streak 14 | . 1 . . 1 2 . . . . 1 14 3 To Critical Strikes . | . . . . . . . . . . . . . Average Backups 12 | 4 7 9 13 14 13 15 14 13 11 10 10 5 Power 1 | . 1 1 1 1 1 2 1 1 1 1 . . Propulsion 2 | 3 2 1 1 3 4 4 4 3 3 3 3 1 Utility 4 | . 2 4 5 4 4 5 4 5 3 1 3 1 Weapon 3 | . 2 3 5 3 2 2 2 2 2 3 2 1 Tool/Special . | . . . . . . . . . . . . . Unused Backups 27 | . 4 . 1 10 . 1 2 2 . . 3 4 Power 3 | . . . . 2 . . 1 . . . . . Propulsion 13 | . 4 . . 3 . . . 2 . . 3 1 Utility 7 | . . . 1 3 . 1 1 . . . . 1 Weapon 3 | . . . . 2 . . . . . . . 1 Tool/Special 1 | . . . . . . . . . . . . 1 Average Slot Usage (%) 77 | . 99 100 71 74 74 76 78 82 81 81 81 76 Engine 7 | . 14 14 14 5 5 5 5 5 5 5 1 2 Treads 17 | . 28 28 28 16 16 17 17 17 15 15 2 . Leg 2 | . . . . . . . . . . . 18 . Device 11 | . 12 14 14 9 9 11 11 11 10 6 10 8 Storage 8 | . 15 14 14 5 5 5 5 5 5 8 7 5 Processor 4 | . . . . 4 5 5 5 5 10 5 7 19 Protection 4 | . . . . 5 5 5 8 11 12 17 5 . Ballistic Gun 4 | . 15 2 . 2 5 5 5 7 10 19 6 . Ballistic Cannon 2 | . . . . 9 1 . . . . . . . Launcher 4 | . . 25 . 2 9 11 11 8 5 . 1 . Slashing Weapon 3 | . . . . 4 5 5 4 5 5 . 4 21 Peak Build Rating 146 | 9 9 8 20 96 94 93 98 98 107 113 142 146 Average Rating 66 | 6 7 8 8 83 92 92 92 94 106 108 111 120 On Entrance 63 | . 9 8 8 9 91 93 93 93 98 107 110 101 Avg Prop Armor Cover (%) 12 | . . . . 3 . . . . . . 14 . Naked Turns . | . . . . . . . . . . . . . Heaviest Build 114 | 15 30 32 32 95 81 79 79 75 82 99 114 51 Greatest Support 215 | 40 40 40 40 210 210 210 210 215 215 215 215 54 Greatest Overweight (x) 3 | . . . . 1 . . . . . . 3 . Average Overweight (x) . | . . . . . . . . . . . . . Largest Inventory Capacity 15 | 8 15 15 15 15 15 15 15 15 15 15 15 10 Average Capacity 14 | 7 9 15 15 15 15 15 15 15 15 15 13 8 Most Carried 15 | 8 9 10 15 15 15 15 15 15 14 15 15 10 Average Carried 13 | 4 7 9 14 14 13 14 14 14 13 11 10 7 Final Capacity 15 | 8 15 15 15 15 15 15 15 15 15 15 5 10 Final Carried 15 | 8 9 10 15 15 15 15 15 15 13 12 5 8 Class Distribution -------------------- 43% | Mutant 23% | Tank 9% | Commander-Bomber 8% | Bomber 3% | Scavenger-Mutant Dominant Class ---------------- Mutant | -10/Materials Mutant | -10/Subcaves Mutant | -7/Scraptown Tank | -5/Factory Tank | -5/Upper Caves Tank | -5/Upper Caves Commander-Bomber | -5/Warlord Commander-Bomber | -4/Proximity Caves Commander-Bomber | -4/Factory Derelict-Tank | -4/DSF Bomber | -3/Research Mutant | -3/Quarantine Resources | -11 -10 -10 -7 -5 -5 -5 -5 -4 -4 -4 -3 -3 ----------- Run | Yrd Mat Sub Scr Fac Upp Upp War Pro Fac DSF Res Qua Matter Collected 5156 | 278 217 . 119 1214 379 171 . 330 . 785 1308 355 Remotely 178 | . . . . . . . . . . . 178 . Salvage Created 8693 | 89 270 17 . 1258 753 875 147 1491 . 948 2462 383 Parts 384 | 6 31 1 . 73 31 21 2 53 . 40 110 16 Haulers Intercepted 3 | . 1 . . . . . . . . 2 . . Recyclers Shooed 8 | 1 1 . . 3 . . . . . . 3 . Parts Field Recycled 18 | . . . . 18 . . . . . . . . Retrieved Matter 283 | . . . . 283 . . . . . . . . Parts Self-Destructed 56 | . . 13 . . 22 6 . 15 . . . . Prevented 81 | . . . . . 15 17 . 49 . . . . Parts Restored . | . . . . . . . . . . . . . Kills | -11 -10 -10 -7 -5 -5 -5 -5 -4 -4 -4 -3 -3 ------- Run | Yrd Mat Sub Scr Fac Upp Upp War Pro Fac DSF Res Qua Combat Hostiles Destroyed 128 | . 9 2 . 31 13 12 3 24 . 13 21 . Melee 11 | . . . . 5 1 . . . . . 5 . Guns 28 | . 5 . . 1 . 1 . . . 13 8 . Cannons 14 | . . . . 12 . . . . . . 2 . AOE 53 | . 4 2 . 12 9 8 1 16 . . 1 . Classes Destroyed 18 | 2 5 1 . 6 1 1 . . . 2 . . Worker 8 | . . . . 2 . . . . . . 5 1 Builder 7 | . 2 . . 3 . . . . . . 2 . Tunneler 5 | 1 1 . . 2 . . . . . . 1 . Hauler 3 | . 1 . . . . . . . . 2 . . Recycler 9 | 1 . . . 2 . . . . . . 4 2 Minesweeper 1 | . . . . . 1 . . . . . . . Mechanic 1 | . 1 . . . . . . . . . . . Operator 4 | . . . . 1 . . . . . . 1 2 Watcher 4 | . 1 . . 1 . . . . . . 1 1 Swarmer 42 | . 9 . . 10 7 . . 9 . 7 . . Grunt 46 | . . . . 9 1 11 3 11 . . 11 . Brawler 2 | . . . . . . 1 . 1 . . . . Sentry 6 | . . . . 1 1 . . 1 . . 3 . Specialist 3 | . . . . . . . . . . 3 . . Hunter 16 | . . . . 3 4 . . 2 . 2 5 . Programmer 10 | . . . . 8 . . . . . . 2 . Heavy 1 | . . . . . . . . . . 1 . . Subdweller 2 | . . 2 . . . . . . . . . . Best Kill Streak 10 | 2 5 2 . 9 6 4 3 10 . 5 7 2 Combat Bots Only 10 | . 5 2 . 7 5 4 3 10 . 4 3 . Max Kills in Single Turn 4 | 1 2 1 . 3 4 1 2 3 . 2 2 1 Gunslinging 1 | . . . . . . . . . . 1 . . Exploded 4 | . 2 1 . 3 4 1 1 3 . . 1 . Melee 1 | . . . . 1 1 . . . . . 1 . Uniques/NPCs Destroyed . | . . . . . . . . . . . . . Combat | -11 -10 -10 -7 -5 -5 -5 -5 -4 -4 -4 -3 -3 -------- Run | Yrd Mat Sub Scr Fac Upp Upp War Pro Fac DSF Res Qua Hostile Shots Fired 1344 | . 39 6 . 217 88 21 5 73 . 231 563 101 Missed 493 | . 14 3 . 60 31 5 2 28 . 97 191 62 Hits 851 | . 25 3 . 157 57 16 3 45 . 134 372 39 Melee 2 | . . . . 1 . . . . . . 1 . Projectile 849 | . 25 3 . 156 57 16 3 45 . 134 371 39 AOE 1 | . . . . . . . . . . . 1 . Critical Strikes 32 | . . . . 7 1 . 1 3 . 3 17 . Part Disruptions 1 | . . . . 1 . . . . . . . . Actively Blocked 1 | . . . . 1 . . . . . . . . Damage Taken 14843 | 38 291 61 . 3052 871 316 108 535 . 1546 7363 662 Core 1753 | . 63 . . 151 37 17 . 52 . 121 1189 123 Absorbed by Shields 1192 | . . . . . 18 . 18 505 . 651 . . Ignored by Resistances 207 | . . . . . . . . . . . 207 . Regen/Repaired (Parts) 1161 | . . . . 577 . . 584 . . . . . Core Remaining (%) 84 | 100 . . 74 . . . . 74 . 89 . . Volleys Fired 299 | 3 39 5 . 69 15 16 2 24 . 35 91 . Largest 5 | 2 2 2 . 4 3 2 2 3 . 4 5 . Hottest 244 | 80 100 60 . 181 118 78 78 113 . 140 244 . Shots Fired 665 | 6 51 10 . 158 33 29 4 50 . 140 184 . Gun 376 | 6 48 . . 21 4 2 . 6 . 140 149 . Cannon 141 | . . . . 115 4 . . . . . 22 . Launcher 143 | . 2 10 . 22 25 27 4 44 . . 9 . Special 5 | . 1 . . . . . . . . . 4 . Kinetic 385 | . 14 . . 113 8 2 . 6 . 140 102 . Thermal 51 | . 1 . . 18 . . . . . . 32 . Explosive 34 | . 2 10 . 22 . . . . . . . . Electromagnetic 193 | 6 34 . . 5 25 27 4 44 . . 48 . Robot Hit Streak 30 | 5 7 . . 8 16 30 3 20 . 9 15 . Robot Miss Streak 7 | . 3 . . 7 2 1 1 1 . 7 5 . Penetration Max 1 | . . . . . . . . . . 1 1 . Secondary Targets 7 | . . . . . . . . . . 7 . . Max Gunslinging Chain 1 | . . . . . . . . . . 1 . . Shots Hit Robots 474 | 5 22 . . 99 30 16 2 38 . 77 176 9 Core Hits 334 | 3 16 5 . 94 24 25 3 49 . 32 79 4 Critical Kills 5 | . . . . 1 . 1 . . . 1 2 . Critical Parts Destroyed 10 | . . . . 1 1 . . . . 5 3 . Critical Strikes 33 | . . . . 8 1 1 . 2 . 6 14 1 Meltdown 1 | . . . . 1 . . . . . . . . Destroy 16 | . . . . . 1 1 . 2 . 6 6 . Blast 2 | . . . . 2 . . . . . . . . Corrupt 1 | . . . . . . . . . . . 1 . Smash 1 | . . . . 1 . . . . . . . . Sever 12 | . . . . 4 . . . . . . 7 1 Melee Attacks 148 | . . . . 38 4 . . . . . 75 31 Impact 1 | . . . . 1 . . . . . . . . Slashing 147 | . . . . 37 4 . . . . . 75 31 Piercing . | . . . . . . . . . . . . . Sneak Attacks 16 | . . . . 3 . . . . . . 8 5 Combat Hostiles . | . . . . . . . . . . . . . Follow-up Attacks 4 | . . . . . . . . . . . 3 1 Damage Inflicted 18902 | 84 663 333 . 4199 1268 1310 196 2870 . 1618 5648 713 Guns 4730 | 64 258 . . 192 17 14 . 39 . 1618 2528 . Cannons 2200 | . . . . 1744 66 . . . . . 390 . Explosions 8169 | 20 403 333 . 1505 1040 1296 196 2831 . . 545 . Melee 3683 | . . . . 699 145 . . . . . 2126 713 Ramming 87 | . 2 . . 59 . . . . . . 26 . Kinetic 5413 | . 58 . . 1696 83 14 . 39 . 1618 1905 . Thermal 1534 | 20 252 . . 231 100 84 . 508 . . 339 . Explosive 1989 | . 151 333 . 1505 . . . . . . . . Electromagnetic 6196 | 64 200 . . 9 940 1212 196 2323 . . 1252 . Impact 78 | . . . . 78 . . . . . . . . Slashing 3605 | . . . . 621 145 . . . . . 2126 713 Piercing . | . . . . . . . . . . . . . Highest Corruption 14 | . . . . 7 2 2 2 . . . 14 14 Average Corruption 5 | . . . . 4 2 2 2 . . . 9 12 Corruption Purged 10 | . . . . 5 . . . . . . . 5 Corruption Blocked . | . . . . . . . . . . . . . Effects 116 | . . . . 32 11 14 . . . . 46 13 Message Errors 26 | . . . . 10 3 . . . . . 9 4 Matter Fused 29 | . . . . 9 3 3 . . . . 12 2 Heat Flow Errors 15 | . . . . 3 3 2 . . . . 6 1 Energy Discharges 11 | . . . . 4 . 4 . . . . 3 . Parts Fused 1 | . . . . . . . . . . . 1 . Data Loss (minor) 13 | . . . . 3 1 3 . . . . 2 4 Data Loss (major) 6 | . . . . 1 1 1 . . . . 2 1 Misfires 1 | . . . . . . . . . . . 1 . Alerts 2 | . . . . 1 . . . . . . . 1 Misdirections 8 | . . . . . . . . . . . 8 . Weapon Failures 4 | . . . . 1 . 1 . . . . 2 . Overload Shots . | . . . . . . . . . . . . . Overflow Damage 497 | . 38 . . 165 124 4 . . . . 52 114 Projectiles 18 | . . . . 18 . . . . . . . . Explosions 142 | . 38 . . 41 59 4 . . . . . . Melee 337 | . . . . 106 65 . . . . . 52 114 Knockbacks 16 | . . . . 14 . . . . . . 2 . Impact . | . . . . . . . . . . . . . Kinetic 16 | . . . . 14 . . . . . . 2 . Secondary . | . . . . . . . . . . . . . Self-Inflicted Damage 421 | 38 97 . . 123 . 12 . 41 . . 110 . Shots 23 | 1 3 . . 7 . 2 . 3 . . 7 . Rammed 7 | . 2 . . 5 . . . . . . . . Targets Rammed 11 | . 3 . . 5 . . . . . . 3 . Kicked 3 | . . . . . . . . . . . 3 . Crushed 1 | . 1 . . . . . . . . . . . Highest Temperature 509 | 48 52 . . 467 242 218 . 139 . 509 347 151 Average Temperature 110 | 21 15 . . 135 108 113 . 80 . 84 110 108 Received Heat Transfer 2147 | . . 18 . 543 27 111 27 261 . 45 1085 30 Effects 22 | . . . . 6 . . . . . 6 10 . Shutdowns 3 | . . . . 2 . . . . . 1 . . Energy Bleed 2 | . . . . 1 . . . . . . 1 . Interference 10 | . . . . 2 . . . . . . 8 . Short Circuit 2 | . . . . 1 . . . . . . 1 . Damage (minor) 1 | . . . . . . . . . . 1 . . Damage (major) 4 | . . . . . . . . . . 4 . . Siege Activations . | . . . . . . . . . . . . . Martial Activations . | . . . . . . . . . . . . . Shielding Activations . | . . . . . . . . . . . . . Robots Disrupted 1 | . . . . . . . 1 . . . . . Combat Hostiles 1 | . . . . . . . 1 . . . . . Robots Corrupted 22 | . . . . . 4 3 2 8 . . 5 . Combat Hostiles 21 | . . . . . 3 3 2 8 . . 5 . Parts Fried 42 | 1 2 . . 3 7 9 1 8 . . 11 . Impact Corruptions 2 | . . . . 2 . . . . . . . . Robots Melted 1 | . . . . 1 . . . . . . . . Combat Hostiles 1 | . . . . 1 . . . . . . . . Parts Melted 2 | . . . . 2 . . . . . . . . Heat Transferred 2413 | . 250 . . 350 100 100 . 675 . . 938 . Parts Sabotaged . | . . . . . . . . . . . . . Parts Stolen . | . . . . . . . . . . . . . Parts Stripped . | . . . . . . . . . . . . . Power Chain Reactions 17 | 1 4 . . . 2 2 1 5 . . 2 . Alert | -11 -10 -10 -7 -5 -5 -5 -5 -4 -4 -4 -3 -3 ------- Run | Yrd Mat Sub Scr Fac Upp Upp War Pro Fac DSF Res Qua Maximum Alert Level 3 | . . . . 3 . . . . 1 2 1 1 Low Security (%) 65 | 100 100 . . 51 . . . . . . 74 99 Level 1 16 | . . . . 12 . . . . 100 62 25 . Level 2 14 | . . . . 28 . . . . . 37 . . Level 3 3 | . . . . 7 . . . . . . . . Level 4 . | . . . . . . . . . . . . . Level 5 . | . . . . . . . . . . . . . High Security . | . . . . . . . . . . . . . Max Security . | . . . . . . . . . . . . . Sterilizations 1 | . . . . . . . . . . 1 . . Peak Influence 718 | 10 175 . . 718 . . . . 359 484 351 205 Initial 359 | . . . . . . . . . 359 254 272 185 Average 208 | 1 59 . . 273 . . . . 359 362 171 142 Influence Increases 5007 | 10 323 . . 1284 315 345 205 872 5 340 1188 120 Destroy 0b10 Robot/C 2720 | . 180 . . 620 260 240 140 600 . 260 420 . Destroy 0b10 Robot/NC 225 | 10 30 . . 55 15 . . 5 . 10 70 30 Destroy Leader 430 | . 34 . . 122 40 30 . 50 . 40 112 2 Allied During Kill 223 | . . . . . . . 35 187 . 1 . . Successful Hack 179 | . 10 . . 46 . . . . 5 . 104 14 Disable Machine 210 | . 45 . . 75 . . . . . 15 30 45 Destroy Structure 360 | . 24 . . 246 . . . . . 14 62 14 Partial Spotted 30 | . . . . . . . . . . . 30 . Lose Combat Pursuer 630 | . . . . 120 . 75 30 30 . . 360 15 Influence Decreases 4912 | 10 174 149 . 581 661 379 335 495 211 220 1342 355 Entered New Map 1597 | . . 73 . . 261 69 323 193 211 110 212 145 Time Decay 2565 | 10 164 76 . 551 380 310 12 302 . . 580 180 Lost Part 660 | . 10 . . 20 20 . . . . 30 550 30 Lost Ally 90 | . . . . 10 . . . . . 80 . . Squads Dispatched 36 | . . . . 12 . . . 1 . 2 17 4 Investigation 8 | . . . . 2 . . . . . . 4 2 Extermination 9 | . . . . 4 . . . . . . 4 1 Reinforcement 8 | . . . . 2 . . . . . 2 3 1 Assault 2 | . . . . 1 . . . 1 . . . . Garrison 9 | . . . . 3 . . . . . . 6 . Intercept . | . . . . . . . . . . . . . Searches Triggered . | . . . . . . . . . . . . . Construction Impeded 2 | . . . . 1 . . . . . . 1 . Haulers Reinforced . | . . . . . . . . . . . . . Active Scanning Responses . | . . . . . . . . . . . . . Cargo Convoy Interrupts . | . . . . . . . . . . . . . Stealth | -11 -10 -10 -7 -5 -5 -5 -5 -4 -4 -4 -3 -3 --------- Run | Yrd Mat Sub Scr Fac Upp Upp War Pro Fac DSF Res Qua Distress Signals 6 | . . . . . . . 2 . . . 4 . Communications Jammed . | . . . . . . . . . . . . . Distress Signals . | . . . . . . . . . . . . . Times Spotted 215 | . 13 2 . 44 11 17 7 26 . 15 56 24 Peak Tracking Total 19 | . 4 2 . 9 5 4 13 9 . 5 11 19 Tactical Retreats 21 | . . . . 5 . 3 1 2 . . 9 1 Traps | -11 -10 -10 -7 -5 -5 -5 -5 -4 -4 -4 -3 -3 ------- Run | Yrd Mat Sub Scr Fac Upp Upp War Pro Fac DSF Res Qua Traps Triggered 10 | . . . . 7 . . 2 . . . 1 . Indirectly 2 | . . . . . . . 2 . . . . . Trap Hack Attempts . | . . . . . . . . . . . . . Triggered . | . . . . . . . . . . . . . Disarmed . | . . . . . . . . . . . . . Reprogrammed . | . . . . . . . . . . . . . Reused . | . . . . . . . . . . . . . Traps Extracted . | . . . . . . . . . . . . . Installed . | . . . . . . . . . . . . . Triggered . | . . . . . . . . . . . . . Machines | -11 -10 -10 -7 -5 -5 -5 -5 -4 -4 -4 -3 -3 ---------- Run | Yrd Mat Sub Scr Fac Upp Upp War Pro Fac DSF Res Qua Machines Disabled 16 | . 3 . . 5 . . . 2 . 1 2 3 Max in Single Turn 1 | . 1 . . 1 . . . 1 . . 1 1 Garrison Access 1 | . . . . 1 . . . . . . . . Machines Repaired . | . . . . . . . . . . . . . Machines Dismantled . | . . . . . . . . . . . . . Machines Sabotaged . | . . . . . . . . . . . . . Overloaded Fab Kills . | . . . . . . . . . . . . . Hacking | -11 -10 -10 -7 -5 -5 -5 -5 -4 -4 -4 -3 -3 --------- Run | Yrd Mat Sub Scr Fac Upp Upp War Pro Fac DSF Res Qua Machines Accessed 49 | . 3 . 11 14 . 1 3 . 1 . 11 5 Terminals 21 | . 3 . . 6 . . . . 1 . 6 5 Fabricators 2 | . . . . 2 . . . . . . . . Repair Stations 2 | . . . . 1 . . . . . . 1 . Recycling Units 4 | . . . . 3 . . . . . . 1 . Scanalyzers 4 | . . . . 1 . . . . . . 3 . Garrison Access 1 | . . . . 1 . . . . . . . . Total Hacks 143 | . 11 . 54 29 . 1 6 . 2 . 29 11 Successful 102 | . 8 . 54 15 . 1 6 . 1 . 15 2 Failed 41 | . 3 . . 14 . . . . 1 . 14 9 Catastrophic 9 | . . . . 3 . . . . . . 2 4 Database Lockouts . | . . . . . . . . . . . . . Manual 38 | . 11 . . 13 . . . . . . 9 5 Terminals 53 | . 11 . . 15 . . . . 2 . 14 11 Fabricators 4 | . . . . 4 . . . . . . . . Repair Stations 6 | . . . . 3 . . . . . . 3 . Recycling Units 6 | . . . . 4 . . . . . . 2 . Scanalyzers 12 | . . . . 2 . . . . . . 10 . Garrison Access 1 | . . . . 1 . . . . . . . . Terminal Hacks 68 | . . . 54 3 . 1 6 . 1 . 2 1 Record 59 | . . . 53 . . . 4 . . . 2 . Robot Analysis 1 | . . . . 1 . . . . . . . . Open Door 3 | . . . . . . 1 2 . . . . . Open DSF 1 | . . . . . . . . . 1 . . . Branch Access Points 2 | . . . . 1 . . . . . . . 1 Zone Layout 1 | . . . . 1 . . . . . . . . Proto ID Catalog 1 | . . . 1 . . . . . . . . . Fabricator Hacks 1 | . . . . 1 . . . . . . . . Network Status 1 | . . . . 1 . . . . . . . . Repair Station Hacks 3 | . . . . 2 . . . . . . 1 . Scan Component 2 | . . . . 1 . . . . . . 1 . Repair 1 | . . . . 1 . . . . . . . . Recycling Unit Hacks . | . . . . . . . . . . . . . Scanalyzer 9 | . . . . 2 . . . . . . 7 . Insert Component 2 | . . . . . . . . . . . 2 . Analyze 2 | . . . . . . . . . . . 2 . Retrieve Study 5 | . . . . 2 . . . . . . 3 . Garrison Access Hacks 1 | . . . . 1 . . . . . . . . Seal Access 1 | . . . . 1 . . . . . . . . Unauthorized Hacks 20 | . 8 . . 6 . . . . . . 5 1 Terminals 17 | . 8 . . 4 . . . . . . 4 1 Track 5 | . 3 . . 1 . . . . . . 1 . Botnet 10 | . 3 . . 3 . . . . . . 3 1 Detonate 1 | . 1 . . . . . . . . . . . Operators 1 | . 1 . . . . . . . . . . . Fabricators . | . . . . . . . . . . . . . Repair Stations . | . . . . . . . . . . . . . Recycling Units 3 | . . . . 2 . . . . . . 1 . Fedlink 3 | . . . . 2 . . . . . . 1 . Scanalyzers . | . . . . . . . . . . . . . Garrison Access . | . . . . . . . . . . . . . Data Cores Recovered 1 | . . . . . . . . . . . . 1 Used 1 | . . . . . . . . . . . . 1 Hacking Detections 28 | . 3 . . 10 . . . . . . 10 5 Full Trace Events 4 | . . . . . . . . . . . 2 2 Feedback Events . | . . . . . . . . . . . . . Feedback Blocked . | . . . . . . . . . . . . . Robot Schematics Acquired . | . . . . . . . . . . . . . Robots Built . | . . . . . . . . . . . . . Authchips . | . . . . . . . . . . . . . Time . | . . . . . . . . . . . . . Total Robot Build Rating . | . . . . . . . . . . . . . Part Schematics Acquired 2 | . . . . . . . . . . . 2 . Parts Built . | . . . . . . . . . . . . . Authchips . | . . . . . . . . . . . . . Time . | . . . . . . . . . . . . . Total Part Build Rating . | . . . . . . . . . . . . . Part Studies Acquired 5 | . . . . 2 . . . . . . 3 . Parts Repaired 1 | . . . . 1 . . . . . . . . Time 56 | . . . . 56 . . . . . . . . Parts Recycled . | . . . . . . . . . . . . . Recycled Matter . | . . . . . . . . . . . . . Retrieved Matter . | . . . . . . . . . . . . . Retrieved Components . | . . . . . . . . . . . . . Parts Scanalyzed 2 | . . . . . . . . . . . 2 . Part Schematics Acquired 2 | . . . . . . . . . . . 2 . Parts Damaged . | . . . . . . . . . . . . . Bothacking | -11 -10 -10 -7 -5 -5 -5 -5 -4 -4 -4 -3 -3 ------------ Run | Yrd Mat Sub Scr Fac Upp Upp War Pro Fac DSF Res Qua Used RIF Installer . | . . . . . . . . . . . . . Robots Hacked 1 | . . . . . . . . . . . 1 . Non-combat . | . . . . . . . . . . . . . Combat . | . . . . . . . . . . . . . Robot Hacks Applied . | . . . . . . . . . . . . . Manual 1 | . . . . . . . . . . . 1 . Relay Couplers Released . | . . . . . . . . . . . . . Fabnet Peak Effective % . | . . . . . . . . . . . . . Robots Rewired 6 | . . . . . . . 5 1 . . . . Allies Hacked . | . . . . . . . . . . . . . Hacks Repelled . | . . . . . . . . . . . . . Allies | -11 -10 -10 -7 -5 -5 -5 -5 -4 -4 -4 -3 -3 -------- Run | Yrd Mat Sub Scr Fac Upp Upp War Pro Fac DSF Res Qua Total Allies 6 | . . . . . . . 5 1 . . . . Largest Group 6 | . . . . . . . 5 6 5 5 . . Highest-Rated Group 323 | . . . . . . . 274 323 259 259 . . Highest-Rated Ally 64 | . . . . . . . 64 64 64 64 . . Total Orders 3 | . . . . 1 2 . . . . . . . EXPLORE 2 | . . . . 1 1 . . . . . . . RETURN 1 | . . . . . 1 . . . . . . . Ally Attacks 69 | . . . . . . . 11 54 . 4 . . Total Damage 2403 | . . . . . . . 478 1817 . 108 . . Kills 12 | . . . . . . . 4 8 . . . . Allies Corrupted . | . . . . . . . . . . . . . Allies Melted 1 | . . . . . . . 1 . . . . . Intel | -11 -10 -10 -7 -5 -5 -5 -5 -4 -4 -4 -3 -3 ------- Run | Yrd Mat Sub Scr Fac Upp Upp War Pro Fac DSF Res Qua Active Infowar (turns) 8251 | 37 577 319 3147 1769 12 . . . 9 282 1734 365 Sensors 1120 | . . . . 747 . . . . . . 38 335 Terrain 183 | 37 102 . . . . . . . . . 44 . Structural 5328 | . 475 319 3147 1375 12 . . . . . . . Decoding 2390 | . . . . . . . . . 9 282 1734 365 Machine Analysis 139 | . . . . 139 . . . . . . . . Robot Analysis Total 1 | . . . . 1 . . . . . . . . Derelict Logs Recovered 1 | . . . . . . . . 1 . . . . Drone Launches 5 | . . . . 3 2 . . . . . . . Drone Recoveries 4 | . . . . 2 2 . . . . . . . Decoded 0b10 Intel 68 | . . . . . . . . . . 8 50 10 Traps 12 | . . . . . . . . . . 1 8 3 Emergency Access 6 | . . . . . . . . . . . 6 . Items 39 | . . . . . . . . . . 6 27 6 Machines 4 | . . . . . . . . . . . 3 1 Patrols 2 | . . . . . . . . . . . 2 . Guards 4 | . . . . . . . . . . . 4 . Exits 1 | . . . . . . . . . . 1 . . Exploration | -11 -10 -10 -7 -5 -5 -5 -5 -4 -4 -4 -3 -3 ------------- Run | Yrd Mat Sub Scr Fac Upp Upp War Pro Fac DSF Res Qua Turns Passed 12568 | 112 642 319 3147 2541 888 695 1127 661 9 282 1780 365 Spaces Moved 7081 | 56 316 187 1838 1198 477 401 653 328 5 87 1125 410 Core 122 | 6 . . . . . . . . . . 116 . Treads 5688 | 50 316 187 1838 1198 477 401 653 328 5 87 148 . Legs 620 | . . . . . . . . . . . 620 . Wheels . | . . . . . . . . . . . . . Hover . | . . . . . . . . . . . . . Flight 651 | . . . . . . . . . . . 241 410 Fastest Speed 39 | 50 160 160 160 160 160 160 160 160 160 160 39 39 Average Speed 143 | 148 160 160 160 161 160 160 160 160 160 160 97 39 Slowest Speed 320 | 160 160 160 160 240 160 160 160 160 160 160 320 42 Overloaded Moves . | . . . . . . . . . . . . . Propulsion Burnouts . | . . . . . . . . . . . . . Robots Hopped 5 | . . . . . . . . . . . 2 3 Potential Cave-ins . | . . . . . . . . . . . . . Cave-ins Triggered . | . . . . . . . . . . . . . Exploration Rate (%) 54 | 4 58 11 95 34 80 55 87 67 . 76 32 51 Regions Visited 12 Branch Regions 7 Pre-discovered Areas 1 | . . . . 1 . . . . . . . . Known Exits Taken 7 | . . . . 1 1 1 1 1 1 . 1 . Unknown Exits Taken 4 | 1 1 1 1 . . . . . . . . . Scrap Searched 8 | . . . 2 . 3 1 . 2 . . . . Spaces Dug 34 | . 6 . . 7 . . . . . . 14 7 Terrain Destroyed 277 | . 21 24 . 142 7 3 3 32 . 7 31 7 Melee 26 | . . . . 5 . . . . . . 14 7 Projectile 44 | . . . . 40 . . . . . . 4 . AOE 200 | . 21 24 . 97 7 3 3 32 . . 13 . Terrain Rammed . | . . . . . . . . . . . . . Walls Destroyed . | . . . . . . . . . . . . . Machines Disabled . | . . . . . . . . . . . . . Actions | -11 -10 -10 -7 -5 -5 -5 -5 -4 -4 -4 -3 -3 --------- Run | Yrd Mat Sub Scr Fac Upp Upp War Pro Fac DSF Res Qua Total 8746 | 75 401 196 2048 1634 562 419 732 411 6 142 1546 574 Wait 823 | . 19 3 194 193 57 1 45 47 . 5 136 123 Move 7060 | 55 315 186 1837 1197 476 400 652 327 4 86 1120 405 Hop 4 | . . . . . . . . . . . 2 2 Pick Up 81 | 8 7 1 6 26 3 1 3 1 . 3 20 2 Fast Attach 95 | 7 3 . 2 24 2 . 4 2 . 1 39 11 Attach 50 | . . . . 11 1 . . . 2 4 30 2 Detach 26 | . . . 3 6 . . . . . 2 10 5 Swap 50 | 2 6 1 . 25 2 . . . . 3 10 1 Drop 83 | . 9 . 6 37 2 1 7 4 . 2 12 3 Fire 299 | 3 39 5 . 69 15 16 2 24 . 35 91 . Melee 134 | . . . . 38 4 . . . . . 72 20 Ram 1 | . . . . . . . . . . . 1 . Kick 3 | . . . . . . . . . . . 3 . Crush 8 | . 3 . . 5 . . . . . . . . Escape Stasis 2 | . . . . 2 . . . . . . . . Rewire 26 | . . . . . . . 19 6 . 1 . . Trap . | . . . . . . . . . . . . . Miscellaneous 1 | . . . . 1 . . . . . . . . Route ------- -11/Scrapyard -10/Materials (discovered 2 exits: [*Mat] / [*Sub]) -10/Subcaves -7/Scraptown (discovered 2 exits: *Fac x2) -5/Factory (discovered 5 exits: *Fac / *Upp x2 / Ext x2) -5/Upper Caves -5/Upper Caves -5/Warlord -4/Proximity Caves -4/Factory -4/DSF -3/Research -3/Quarantine (discovered 1 exit: [*Res]) History --------- Turn | Location | Event 18 | -11/Scrapyard | Discovered new exit (range 16) 113 | -11/Scrapyard | Entered Materials 304 | -10/Materials | Build established: Mutant 571 | -10/Materials | Discovered new exit (range 9) 719 | -10/Materials | Discovered new exit (range 11) 755 | -10/Materials | Entered Subcaves 756 | -10/Subcaves | Approached by a straggling Scientist 875 | -10/Subcaves | Shifting Twisted Machinery released Mak. System Restoration Module 898 | -10/Subcaves | Shifting Twisted Machinery released Sub. Monowheel 1074 | -10/Subcaves | Entered Scraptown 1728 | -7/Scraptown | Discovered new exit (range 5) 1826 | -7/Scraptown | Heard Great Nut preacher, LISTEN AND RECITE! 1931 | -7/Scraptown | Visited Spacefarers 2008 | -7/Scraptown | Visited Cave Peace 2062 | -7/Scraptown | Visited The Evicted 2123 | -7/Scraptown | Visited UFD Registry 2123 | -7/Scraptown | Registered with UFD as "Chaincell" 2167 | -7/Scraptown | Visited TADAMA 2208 | -7/Scraptown | Visited Cyclists 2229 | -7/Scraptown | Entered Cyclist Reading Room 2282 | -7/Scraptown | Visited Fellowship of the Rings 2317 | -7/Scraptown | Visited Shadow of the Wyrm 2679 | -7/Scraptown | Visited Junk Cannon Lab 2690 | -7/Scraptown | Found Prototype Special Weapon 2690 | -7/Scraptown | Identified Junk Cannon 2761 | -7/Scraptown | Visited LU-1G1's Boring Crew 2854 | -7/Scraptown | Visited Observation Area 3312 | -7/Scraptown | Visited Junk Repository 3463 | -7/Scraptown | Visited Botcube Research 3503 | -7/Scraptown | Visited Scrapoid Pod Storage 3536 | -7/Scraptown | Visited Science Guys 3701 | -7/Scraptown | Visited Abandonware Association 3714 | -7/Scraptown | Learned abandonware demo "OVRCLOCK.EXE" 3719 | -7/Scraptown | Learned abandonware demo "TRNCOAT.EXE" 3719 | -7/Scraptown | Learned abandonware demo "MELTYB.EXE" 3752 | -7/Scraptown | Visited Scrap Suit Storage 3807 | -7/Scraptown | Visited Modified Component R&D 3997 | -7/Scraptown | Discovered new exit (range 5) 4122 | -7/Scraptown | Met Optimus 4122 | -7/Scraptown | Accepted into 0bPrime 4221 | -7/Scraptown | Entered Factory 4221 | -5/Factory | Evolved 10 slots: Propulsion x4, Utility x4, Weapon x2 5194 | -5/Factory | Loaded intel: 8 recycling unit locations 5552 | -5/Factory | Build established: Bomber 5815 | -5/Factory | Learned location of Protoforge (-3) 5827 | -5/Factory | Garrison activated, responded to threat 5860 | -5/Factory | Destroyed 7 combat bots 5988 | -5/Factory | Build established: Tank 6089 | -5/Factory | Repaired Lyr. Heavy Armor Plating 6184 | -5/Factory | Discovered new exit (range 15) 6229 | -5/Factory | Identified exit to Factory 6621 | -5/Factory | First assault squad dispatched 6733 | -5/Factory | Identified exit to Upper Caves 6733 | -5/Factory | Identified exit to Extension 6762 | -5/Factory | Entered Upper Caves 7583 | -5/Upper Caves | Discovered new exit (range 9) 7592 | -5/Upper Caves | Attracted the attention of an 0b10 checkpoint 7615 | -5/Upper Caves | Identified exit to Upper Caves 7650 | -5/Upper Caves | Entered another Upper Caves area 8286 | -5/Upper Caves | Discovered new exit (range 14) 8343 | -5/Upper Caves | Identified exit to Warlord 8345 | -5/Upper Caves | Entered Warlord 8416 | -5/Warlord | System corruption cleaned by Quarantine Array 8868 | -5/Warlord | Build established: Commander-Tank 8928 | -5/Warlord | Found Prototype Special Weapon 8928 | -5/Warlord | Identified RU-N14's Throwing Claymores v3 8979 | -5/Warlord | Rebuked by Warlord 9004 | -5/Warlord | Warlord's base attacked by MAIN.C 9234 | -5/Warlord | Build established: Commander-Bomber 9354 | -5/Warlord | Warlord forces counterattacked 9409 | -5/Warlord | Opened side exit 9445 | -5/Warlord | Discovered new exit (range 10) 9467 | -5/Warlord | Identified exit to Proximity Caves 9472 | -5/Warlord | Entered Proximity Caves 9472 | -4/Proximity Caves | Accompanied by 5 allies 9474 | -4/Proximity Caves | Attracted the attention of an 0b10 checkpoint 9477 | -4/Proximity Caves | Lost 9 allies 9664 | -4/Proximity Caves | Attracted the attention of an 0b10 outpost 9697 | -4/Proximity Caves | Destroyed 10 combat bots 9815 | -4/Proximity Caves | Spotted B-86 Titan 10049 | -4/Proximity Caves | Learned Research terminal intel 10057 | -4/Proximity Caves | Discovered exit to Factory (range 4) 10133 | -4/Proximity Caves | Entered Factory 10133 | -4/Factory | Accompanied by 5 allies 10133 | -4/Factory | Evolved 2 slots: Utility x2 10142 | -4/Factory | Identified exit to DSF 10142 | -4/Factory | Entered DSF 10142 | -4/DSF | Accompanied by 5 allies 10191 | -4/DSF | Additional patrols routed to DSF 10226 | -4/DSF | Lost 4 allies 10257 | -4/DSF | Identified exit to Research 10352 | -4/DSF | Sterilization system engaged 10365 | -4/DSF | Found Gamma Bomb Array 10368 | -4/DSF | Found Gamma Bomb Array 10370 | -4/DSF | Found Gamma Bomb Array 10372 | -4/DSF | Ambient heat levels rising (+10) 10387 | -4/DSF | Ambient heat levels rising (+10) 10402 | -4/DSF | Ambient heat levels rising (+10) 10417 | -4/DSF | Ambient heat levels rising (+10) 10424 | -4/DSF | Entered Research 10424 | -3/Research | Evolved 2 slots: Power x1, Weapon x1 10425 | -3/Research | Loaded intel: 23 terminal locations 10965 | -3/Research | Garrison activated, responded to threat 11000 | -3/Research | Build established: Bomber 11204 | -3/Research | Lost 14 parts (3p2n5u4w) 11337 | -3/Research | Loaded intel: 5 recycling unit locations 11624 | -3/Research | Lost 3 parts (1p1n1w) 11723 | -3/Research | System corruption reached 10% 11765 | -3/Research | Lost 4 parts (2u2w) 11812 | -3/Research | Lost 4 parts (3n1u) 11845 | -3/Research | Garrison activated, responded to threat 11934 | -3/Research | Lost 4 parts (1p1n1u1w) 11962 | -3/Research | Core integrity fell below 50% 12001 | -3/Research | Lost 13 parts (3p5n4u1w) 12074 | -3/Research | Core integrity fell below 20% 12157 | -3/Research | Found Fusion Bomb Launcher 12169 | -3/Research | Discovered new exit (range 8) 12172 | -3/Research | Identified exit to Quarantine 12204 | -3/Research | Entered Quarantine 12233 | -3/Quarantine | Lost 3 parts (1p1n1u) 12249 | -3/Quarantine | Build established: Mutant 12276 | -3/Quarantine | Found Alien Artifact 12276 | -3/Quarantine | Identified Terrabomb 12276 | -3/Quarantine | Used Terrabomb 12283 | -3/Quarantine | Found Terrabomb 12462 | -3/Quarantine | Found Alien Slashing Weapon 12462 | -3/Quarantine | Identified Sigix Broadsword 12500 | -3/Quarantine | Spotted Alpha 7 12509 | -3/Quarantine | Found Alien Artifact 12509 | -3/Quarantine | Identified Core Reset Matrix 12509 | -3/Quarantine | Used Core Reset Matrix 12513 | -3/Quarantine | Detected hypermatrix surge 12513 | -3/Quarantine | Sensed 11 artifacts in vicinity 12565 | -3/Quarantine | Discovered new exit (range 13) 12569 | -3/Quarantine | Destroyed by S-43 Plague with Heavy Machine Gun Last Messages --------------- 12526_ K-01 Serf cleans the Quarantine Pod. 12542_ Connecting with Terminal... 12542_ ALERT: Suspicious activity at Terminal Q018. Dispatching Investigation squad. 12543_ >> DECODED: Unknown Processor location. 12547_ Sigix Broadsword destroyed. 12556_ Impulse Thruster Array destroyed. 12561_ Acquired Unknown Processor. 12561_ Identified Adv. Melee Analysis Suite. 12563_ Connecting with Terminal... >>Access(Branch) No branch access points found. 12563_ ALERT: Suspicious activity at Terminal Q009. Dispatching Investigation squad. 12565_ EXIT=FOUND 12566_ >> DECODED: Tiamat Bomb Trap location. 12566_ Penetrated by Slug. 12566_ Impulse Thruster Array destroyed. 12566_ Slug penetrates Quarantine Pod. 12568_ Penetrated by Slug. Map ----- +----------------------------------------------------+ | | | | | | | | | | | | | | | ###################??????????????????????????????? | | # #?????????????????????????????? | | # #?????????????????????????????? | | # " #???????????????!?????????????? | | # T " " #?????????????????????????????? | | # """ #?????????????????????????????? | | # """!""" #?????????????????????????????? | | # """ #?????????????????????????????? | | # #?????????????????????????????? | | #####+####/##"######?###+##?????##???????????????? | | ###?# ##"####### #??? #???????????????? | | # # """ # #?? #???????????????? | | """ # # """ "" # ### # ""???????????? | | S"" + g #g""" T" /s k ""???????????? | | "" # # "" #s # ???????????? | | # # # """ #???????????????? | | #####+## #####s#### " "gg g####????????????? | | # ### """ g #????????????? | | # @ < #????????????? | | ! # = """ #????????????? | | = + ! " " #????????????? | | # = """ ####????????????? | | "" """ #=== #???????????????? | | "" """ #== """ """ """ #???????????????? | | "" """ #== """ """ " " #???????????????? | | ######## """ """ """ #???????????????? | | ?????### h + ??????????????? | | ????# ch """ #???????????????? | | ????# ###"""T"""####### " " #???????????????? | | ????#???#########?????#hh""" #???????????????? | | ??????????????????????# #???????????????? | | ??????????????????????# """ #???????????????? | | ??????????????????????#u " "h #???????????????? | | ??????????????????????# """h #???????????????? | | ??????????????????????# #???????????????? | | ??????????????????????# """ #???????????????? | | ??]???????????????????# " " #???????????????? | | ??????????????????????# """ #???????????????? | | ?????????????######???# #???????????????? | | ?????????????? ???# """ #???????????????? | | ?????????????? ??# " " #???????????????? | | ??????????????? ??# """ #???????????????? | | ???????????????? ?# ^ #???????????????? | +----------------------------------------------------+ Best States ------------- Heat Dissipation 103 Energy Generation 39 Energy Capacity 410 Matter Stores 550 Matter Capacity 550 Sight Range 16 Robot Scan Range 16 Terrain Scan Range 24 Terrain Scan Density 410 Power Amplification 20 EM Shielding 3 Armor Coverage 1050 Resistance: TH 30 Evasion (%) 70 Targeting Accuracy 6 Target Analysis 8 Core Analysis 6 Recoil Reduction 6 Matter Filtering 30 Energy Filtering 30 Kinecelleration 40 Offensive Hacking 10 Item Schematics ----------------- None Robot Schematics ------------------ None Fabricated ------------ Nothing Repaired ---------- Lyr. Heavy Armor Plating | 23% | -5/Factory Studied --------- None Alien Tech Used ----------------- Terrabomb Sigix Broadsword Core Reset Matrix Achievements -------------- Decoder Ring Fist Fight Hot Goods My Business Is Booming Origins Challenges ------------ None Game ------ Seed ChromaticFluxExoskeleton Manual? 0 Play Time 02:07:11 Cumulative 94.6 hours Start 2026.02.08 @ 09:12:40 End 2026.02.08 @ 11:57:41 Sessions 1 Manual Loads 0 Difficulty Rogue Special Mode None Game No. 62 Rogue 58 Adventurer 4 Explorer 0 Win Type - Total 3 Types 3/0/0/0/0/0/0/0/0/0 Lore% 55 Gallery% 49 Achievement% 39 Wizard Run 0 Options --------- Layout 2 ASCII 0 Keyboard 1 Movement Vi Keybinds 0 Fullscreen 0 Font 18/SmallcapsGlow Map View 50x44 Zoom Use 0% Tactical HUD 1 Map Filters NONE Filters NONE Steam 1 RUN: 6e1a901b-5ad0-46d2-a008-d63241e22806